 Dungeon Crawl Stone Soup version 0.31-a0-182-gc5ef74bbde (webtiles) character file.

Game seed: 4506094501493501383

1657 gelatine the Skirmisher (level 8, -1/61 HPs)
             Began as a Demonspawn Hunter on June 20, 2023.
             Splashed by a brown ugly thing's acid (6 damage)
             ... on level 7 of the Dungeon.
             The game lasted 00:14:58 (4761 turns).

gelatine the Skirmisher (Demonspawn Hunter)         Turns: 4761, Time: 00:14:59

Health: -1/61      AC:  0    Str: 12    XL:     8   Next: 68%
Magic:  2/2        EV: 13    Int: 11    God:
Gold:   539        SH:  0    Dex: 18    Spells: 7/7 levels left

rFire   . . .        n - +5 arbalest (antimagic)
rCold   . . .        (shield currently unavailable)
rNeg    + . .        b - +1 leather armour of Moarhuwn {Rampage}
rPois   .            (helmet restricted)
rElec   .            (no cloak)
rCorr   .            (no gloves)
SInv    .            (no boots)
Will    .....        e - amulet of regeneration
Stlth   ++           c - ring of positive energy
HPRegen 1.10/turn    (no ring)
MPRegen 0.08/turn

%: rampage
@: corroded
A: antennae 1, molten scales 2, spiny 1
a: no special abilities


You were on level 7 of the Dungeon.
You visited 2 branches of the dungeon, and saw 8 of its levels.
You also visited: Sewer and Ossuary.

You collected 634 gold pieces.
You spent 95 gold pieces at shops.

Inventory:

Hand Weapons
 a - a +0 shortbow
 n - a +5 antimagic arbalest (weapon)
Armour
 b - the +1 leather armour of Moarhuwn (worn) {Rampage}
   (You found it on level 2 of the Dungeon)

   Rampage:   It bestows one free step when moving towards enemies.
 t - +0 ice dragon scales
Jewellery
 c - a ring of positive energy (left hand)
 e - an amulet of regeneration (around neck)
 r - a ring of fire
 w - a ring of positive energy
Scrolls
 f - 2 scrolls of amnesia
 g - 4 scrolls of vulnerability
 h - 3 scrolls of enchant weapon
 j - 4 scrolls of poison
 k - 5 scrolls of teleportation
 q - a scroll of fear
 s - a scroll of summoning
 u - a scroll of enchant armour {unknown}
 x - 2 scrolls of fog {unknown}
 y - a scroll of acquirement
 B - 2 scrolls of noise {unknown}
 C - a scroll of identify
Potions
 d - 3 potions of mutation
 i - 2 potions of brilliance
 l - 3 potions of attraction
 m - a potion of ambrosia
 o - a potion of curing
 p - 3 potions of haste
 v - a potion of lignification
 z - a potion of magic {unknown}
 A - 2 potions of enlightenment {unknown}


   Skills:
 * Level 4.5 Fighting
 * Level 8.6 Ranged Weapons
 * Level 2.8 Armour
 * Level 3.5 Dodging
 * Level 3.2 Stealth


You had 7 spell levels left.
You didn't know any spells.
Your spell library contained the following spells:

 Spells                   Type           Power      Damage    Failure   Level
 Beastly Appendage        Tmut           0%         N/A       41%         1
 Wereblood                Tmut           0%         N/A       56%         2
 Spider Form              Tmut/Pois      0%         N/A       80%         3
 Stone Arrow              Conj/Erth      0%         3d7       80%         3
 Swiftness                Air            0%         N/A       80%         3
 Volatile Blastmotes      Fire/Tloc      0%         2d10      80%         3
 Fulminant Prism          Conj/Hex       0%         3d5       99%         4
 Iskenderun's Mystic Bla  Conj/Tloc      0%         2d3       99%         4
 Lee's Rapid Deconstruct  Erth           0%         3d4*      100%        5
 Silence                  Hex/Air        0%         N/A       100%        5


Dungeon Overview and Level Annotations

Branches:
Dungeon (7/15)             Temple (1/1) D:7           Sewer (visited)
Ossuary (visited)

Altars:
Ashenzari
Cheibriados
Fedhas
Hepliaklqana
Makhleb
Okawaru
Qazlal
Ru
Sif Muna
Trog
Uskayaw
Vehumet
Wu Jian
Yredelemnul

Shops:
D:3 *!(   D:4 [


Innate Abilities, Weirdness & Mutations

You have a pair of small antennae on your head.
You are mostly covered in molten scales. (AC +3)
You are partially covered in sharp spines.


Message History

You kill the water moccasin!
No target in view!
Found an escape hatch in the floor.
There is an escape hatch in the floor here.
A kobold comes into view. It is wielding a +0 dagger.
You shoot a bolt. The bolt hits the kobold!!
You kill the kobold!
No target in view!
A hound comes into view.
You shoot a bolt. The bolt barely misses the hound.
You shoot a bolt. The bolt hits the hound!!
You kill the hound!
You sense a monster nearby.
A brown ugly thing comes into view.
You shoot a bolt. The bolt hits the brown ugly thing!
The brown ugly thing gurgles horribly!
The brown ugly thing is lightly wounded.
You hear a shout!
You shoot a bolt.
The bolt closely misses the brown ugly thing.
You shoot a bolt. The bolt hits the brown ugly thing.
The brown ugly thing is lightly wounded.
A troll comes into view.
The brown ugly thing gores you!
You are splashed with acid!
The brown ugly thing gores you. The acid corrodes you!
You are splashed with acid.
You shoot a bolt. The troll shouts!
The bolt hits the brown ugly thing!
The brown ugly thing is moderately wounded.
The brown ugly thing gores you! The acid corrodes you!
You are splashed with acid!
* * * LOW HITPOINT WARNING * * *
The brown ugly thing is struck by your spines.
The brown ugly thing closely misses you.
The brown ugly thing attacks as you move away!
The brown ugly thing gores you!
* * * LOW HITPOINT WARNING * * *
You are splashed with acid.
You die...

#.#*,*,***,***,,*
#####
#.#*,,,,*#,**,,,*
....#
#.#**,,,.#,*,,*,*
###.# #.#
**##.#,*,**,* #.#
###.# *...#,*,,,,**
###.#
#...####.#)#,*,*,,,*
....#
#.........#*,**,,,,*
..#.#
#...#.#.###,,,***,,*
#.#.#
##.##.@uT.##,**,,,,*
#####*
#.#####.#.#.#,*,,,*
**,,,*** #>#
#....#,,,,,**
*,,,,*,** #.#
###..#,***,*
*,,,,*,,* #.#
#....#*,,* *_.._#,,*
#.# #..###*,**
*,...#,** #.#
#...,,,,*
*,...#######.#
#.###*********
##..##.......#
#.#,,,,,,,,,,,


You could see a brown ugly thing and a troll.

Vanquished Creatures
  Sigmund (D:3)
  A water moccasin (D:7)
  2 ice beasts
  Pargi (Sewer)
  A sky beast (D:7)
  An ogre (D:6)
  2 centaurs
  A bullfrog (D:7)
  A scorpion (D:4)
  A gnoll sergeant (D:7)
  2 jellies
  5 hounds
  A sleepcap (D:7)
  An iguana (D:7)
  8 mummies (Ossuary)
  4 gnolls (D:7)
  6 adders
  2 white imps
  An ufetubus (D:6)
  A worm (D:2)
  3 dart slugs
  5 orcs
  10 ball pythons
  10 bats
  13 endoplasms
  4 giant cockroaches
  6 goblins
  5 hobgoblins
  A jackal (D:4)
  6 kobolds
  4 quokkas
  5 frilled lizards
  2 gnoll zombies (Ossuary)
  3 hobgoblin zombies (Ossuary)
  2 kobold zombies (Ossuary)
  An orc zombie (Ossuary)
  5 rats
128 creatures vanquished.

Notes
Turn   | Place    | Note
-------+----------+-------------------------------------------
     0 | D:1      | gelatine the Demonspawn Hunter began the quest for the Orb.
     0 | D:1      | Reached XP level 1. HP: 16/16 MP: 1/1
    91 | D:1      | Reached skill level 4 in Ranged Weapons
    91 | D:1      | Gained mutation: You are partially covered in molten
                  | scales. (AC +2) [demonic ancestry]
    91 | D:1      | Reached XP level 2. HP: 22/22 MP: 2/2
   782 | D:1      | Reached XP level 3. HP: 27/27 MP: 3/3
  1000 | D:2      | Reached skill level 1 in Armour
  1053 | D:2      | Identified the +1 leather armour of Moarhuwn {Rampage}
  1288 | D:2      | Found a radiant altar of Vehumet.
  1338 | D:2      | Reached skill level 1 in Stealth
  1338 | D:2      | Gained mutation: You are partially covered in sharp spines.
                  | [demonic ancestry]
  1338 | D:2      | Reached XP level 4. HP: 34/34 MP: 4/4
  1662 | D:3      | Found Ziariry's General Store.
  1667 | D:3      | Bought a potion of curing for 30 gold pieces
  1749 | D:3      | Found Fadwilant's Distillery.
  1757 | D:3      | Bought a potion of heal wounds for 65 gold pieces
  1823 | D:3      | Found Hulam's Weapon Shoppe.
  2016 | D:3      | Noticed Sigmund
  2035 | D:3      | Killed Sigmund
  2036 | D:3      | Reached skill level 5 in Ranged Weapons
  2036 | D:3      | Gained mutation: You are mostly covered in molten scales.
                  | (AC +3) [demonic ancestry]
  2036 | D:3      | Reached XP level 5. HP: 33/40 MP: 5/5
  2156 | D:4      | Found a burning altar of Makhleb.
  2158 | D:4      | Noticed an angel
  2158 | D:4      | Noticed an Executioner
  2167 | D:4      | Reached XP level 6. HP: 47/47 MP: 6/6
  2230 | D:4      | Identified a scroll of acquirement
  2230 | D:4      | Acquired a +5 antimagic arbalest
  2280 | D:4      | Found Hiefeum's Antique Armour Shop.
  2316 | D:4      | Found a glowing drain.
  2325 | Sewer    | Entered a sewer
  2346 | Sewer    | Noticed Pargi
  2354 | Sewer    | Killed Pargi
  2400 | D:4      | Reached skill level 6 in Ranged Weapons
  2846 | D:4      | Gained mutation: You have a pair of small antennae on your
                  | head. [demonic ancestry]
  2846 | D:4      | Reached XP level 7. HP: 52/52 MP: 2/7
  2867 | D:4      | Found a bloodstained altar of Trog.
  2936 | D:5      | Entered Level 5 of the Dungeon
  3349 | D:5      | You fall into a shaft and drop 1 floor!
  3353 | D:6      | Got the Catalogue of Airy Earth
  3550 | D:6      | Reached skill level 7 in Ranged Weapons
  4181 | D:7      | Found a sand-covered staircase.
  4188 | Ossuary  | Entered an ossuary
  4217 | Ossuary  | Reached XP level 8. HP: 60/60 MP: 2/8
  4396 | D:7      | Found a staircase to the Ecumenical Temple.
  4436 | Temple   | Entered the Ecumenical Temple
  4520 | D:7      | Reached skill level 8 in Ranged Weapons
  4538 | D:7      | Found a hazy altar of Hepliaklqana.
  4752 | D:7      | Noticed a brown ugly thing
  4756 | D:7      | Noticed a troll
  4761 | D:7      | Splashed by a brown ugly thing's acid

Illustrated notes

Levels and vault maps discovered:
D:1:      dpeg_arrival_fog, layout_basic
D:2:      layout_basic, basic_altar, minmay_octomino_c4
D:3:      layout_loops_ring, serial_shops, nicolae_shop_tiny_statue_garden,
          nicolae_shop_rolling_square, nicolae_shop_just_a_little_nook,
          nrook_uturn, uniq_sigmund
D:4:      layout_loops_cross, grunt_temple_overflow_order_and_chaos_2,
          marbit_many_paths, serial_shops, nicolae_shop_rolling_square,
          cheibrodos_sewer_entry_sluice, minmay_ruptured
D:5:      layout_basic, minmay_misc_feat_room
D:6:      layout_loops_ring
D:7:      layout_loops_ring, riverfiend_overflow_shadow_ancestor,
          mainiacjoe_overflow_concentric_impassable, temple_statues,
          enter_ossuary_1, minmay_manual_monstrance
Temple:   nicolae_temple_x_marks_the_god

Skill      XL: |  1  2  3  4  5  6  7  8 |
---------------+-------------------------+-----
Ranged Weapons | 4 5 6 7 8 |  8.6
Armour         | 1 2 |  2.8
Dodging        | 2 3 |  3.5
Stealth        | 1 2 3 |  3.2
Fighting       | 3 4 |  4.5

Action                     |  1- 3 |  4- 6 |  7- 9 || total
---------------------------+-------+-------+-------++-------
   Fire: Shortbow          |   122 |    69 |       ||   191
         Arbalest          |       |    37 |    99 ||   136
    Use: Scroll            |     1 |    10 |     5 ||    16
         Potion            |       |     2 |       ||     2
 Armour: Leather armour    |    23 |    26 |     6 ||    55
  Dodge: Dodged            |    32 |    27 |    18 ||    77

Table legend: (Time is in decaauts)
 A = Elapsed time spent in this place.
 B = Non-inter-level travel time spent in this place.
 C = Inter-level travel time spent in this place.
 D = Time resting spent in this place.
 E = Time spent auto-exploring this place.
 F = Levels seen in this place.
 G = Mean time per level.
                   A        B        C        D        E       F      G
               +--------+--------+--------+--------+--------+-----+--------+
         Total |   4882 |   4673 |    209 |      0 |   3688 |  10 |  488.2 |
       Dungeon |   4546 |   4343 |    203 |      0 |   3515 |   7 |  649.4 |
        Temple |     55 |     49 |      6 |      0 |     44 |   1 |   55.0 |
         Sewer |     80 |     80 |      0 |      0 |     35 |   1 |   80.0 |
       Ossuary |    200 |    200 |      0 |      0 |     94 |   1 |  200.0 |
               +--------+--------+--------+--------+--------+-----+--------+

Top non-repeatable levels by time:
     D:1: 904 daAuts
     D:4: 769 daAuts
     D:6: 707 daAuts
     D:3: 701 daAuts
     D:2: 547 daAuts
     D:7: 500 daAuts
     D:5: 415 daAuts
 Ossuary: 200 daAuts
   Sewer: 80 daAuts
  Temple: 55 daAuts
